 Dungeon Crawl Stone Soup version 0.29.1-2-gbd0b4ee654 (webtiles) character file.

Game seed: 2924022194766047259

43 qeuew the Trooper (level 3, 0/29 HPs)
             Began as a Demonspawn Abyssal Knight on Nov 15, 2022.
             Was a Believer of Lugonu.
             Slain by a goblin
             ... wielding a +0 dagger
             ... led by Robin
              (2 damage)
             ... on level 2 of the Dungeon.
             The game lasted 00:00:49 (1040 turns).

qeuew the Trooper (Demonspawn Abyssal Knight)       Turns: 1040, Time: 00:00:50

Health: 0/29       AC:  3    Str: 13    XL:     3   Next: 37%
Magic:  5/5        EV: 11    Int: 11    God:    Lugonu [**....]
Gold:   51         SH:  0    Dex: 15    Spells: 2/2 levels left

rFire   . . .      SeeInvis .   a - +1 hand axe
rCold   . . .      Faith    .   (no shield)
rNeg    . . .      Spirit   .   b - +0 leather armour
rPois   .          Reflect  .   (no helmet)
rElec   .          Harm     .   (no cloak)
rCorr   .          Rampage  .   (no gloves)
Will    +....                   (no boots)
Stlth   +.........              (no amulet)
HPRegen 0.09/turn               (no ring)
MPRegen 0.09/turn               (no ring)

@: no status effects
A: hooves 1, demonic guardian 1, strong-willed 1, MP-powered wands
a: Renounce Religion, Depart the Abyss, Bend Space


You were on level 2 of the Dungeon.
You worshipped Lugonu.
Lugonu was pleased with you.
You visited 1 branch of the dungeon, and saw 2 of its levels.
You visited the Abyss 1 time.

You collected 51 gold pieces.

Inventory:

Hand Weapons
 a - a +1 hand axe (weapon)
Armour
 b - a +0 leather armour (worn)


   Skills:
 + Level 3.3 Fighting
 + Level 2.2 Axes
 + Level 2.2 Armour
 + Level 1.4 Dodging
 + Level 3.1 Invocations


You had 2 spell levels left.
You didn't know any spells.
Your spell library was empty.

Dungeon Overview and Level Annotations

Branches:
Dungeon (2/15)

Altars:

Annotations:
D:2 Robin


Innate Abilities, Weirdness & Mutations

You have large cloven feet.
A weak demonic guardian rushes to your aid.
You are strong-willed. (Will+)
You expend magic power (3 MP) to strengthen your wands.


Message History

Your shadow imp gestures at the hobgoblin.
The hobgoblin writhes in agony.
The goblin unwields a +0 dagger.
The goblin wields a +0 sling.
The goblin shoots a sling bullet.
The sling bullet hits you but does no damage.
A goblin comes into view. It is wielding a +0 club.
The goblin barely misses you. The hobgoblin hits your shadow imp.
You hear a shout!
Your Invocations skill increases to level 3!
You have reached level 3!
Your experience leads to an increase in your attributes!
Increase (S)trength, (I)ntelligence, or (D)exterity?
You feel agile. x2; Your demonic ancestry asserts itself...
Your feet thicken and deform.
You miss the goblin. You kick the goblin.
You kill the goblin!
Lugonu accepts your kill.
You barely miss the goblin.
Your shadow imp hits the hobgoblin but does no damage.
A goblin comes into view. It is wielding a +0 club. x2
The goblin barely misses you. Robin throws the goblin at you!
The goblin shoots a sling bullet.
The sling bullet hits you.
You hear a shout! x2
A hobgoblin comes into view.
Your shadow imp hits the hobgoblin but does no damage.
A goblin comes into view. It is wielding a +0 club.
The hobgoblin hits you. The goblin closely misses you.
Robin throws the goblin at you!
* * * LOW HITPOINT WARNING * * *
There is a stone staircase leading up, spattered with blood here.
You see here a +0 club.
Your shadow imp closely misses the hobgoblin.
The goblin hits you with a +0 club.
* * * LOW HITPOINT WARNING * * *
The goblin hits your shadow imp with a +0 dagger.
The goblin hits you with a +0 club.
* * * LOW HITPOINT WARNING * * *
The hobgoblin closely misses you. The goblin barely misses you.
The goblin unwields a +0 sling.
The goblin wields a +0 dagger.
The goblin hits you with a +0 dagger.
You die...

.........
...g... #
..g... #. g...#
..#. .g.g#
.#...##g..#
......5gg.#
#@g# #gg#
..............#
##.####.......#
##.####.# .# ?
.# .# ?#


You could see Robin, 2 hobgoblins, 8 goblins and a friendly shadow imp
(summoned).

Vanquished Creatures
  Natasha (D:2)
  A dart slug (D:1)
  A bat (D:1)
  An endoplasm (D:1)
  A giant cockroach (D:1)
  4 goblins
  A hobgoblin (D:1)
  2 jackals (D:1)
  A quokka (D:1)
  A ball python (D:2)
  2 rats (D:1)
16 creatures vanquished.

Notes
Turn   | Place    | Note
-------+----------+-------------------------------------------
     0 | Abyss:1  | qeuew the Demonspawn Abyssal Knight began the quest for the
                  | Orb.
     0 | Abyss:1  | Reached XP level 1. HP: 18/18 MP: 2/2
     1 | D:1      | Escaped the Abyss
   274 | D:1      | Reached skill level 1 in Dodging
   492 | D:1      | Gained mutation: A weak demonic guardian rushes to your
                  | aid. [demonic ancestry]
   492 | D:1      | Reached XP level 2. HP: 24/24 MP: 4/4
  1013 | D:1      | Found a faded altar of an unknown god.
  1021 | D:1      | Gained mutation: You are strong-willed. (Will+) [potion of
                  | mutation]
  1021 | D:1      | Gained mutation: You expend magic power (3 MP) to
                  | strengthen your wands. [potion of mutation]
  1030 | D:2      | Noticed Natasha
  1036 | D:2      | Noticed Robin
  1037 | D:2      | Killed Natasha
  1038 | D:2      | Gained mutation: You have large cloven feet. [demonic
                  | ancestry]
  1038 | D:2      | Reached XP level 3. HP: 19/29 MP: 5/5
  1040 | D:2      | Slain by a goblin

Illustrated notes

Levels and vault maps discovered:
D:1:      grunt_arrival_crossed_arrows, layout_loops_ring,
          dilly_ecumenical_altar_fadedgnrine
D:2:      layout_loops_ring, uniq_sigmund, uniq_robin, uniq_natasha

Skill      XL: |  1  2 |
---------------+-------+-----
Dodging        | 1 |  1.4
Axes           | 2 |  2.2
Armour         | 2 |  2.2
Invocations    | 3 |  3.1
Fighting       | |  3.3

Action                   || total
-------------------------++-------
Melee: Hand axe          ||    62
       Punch             ||     1
       Kick              ||     1
  Use: Scroll            ||     4
       Potion            ||     1
Armor: Leather armour    ||    14
Dodge: Dodged            ||    51
